 Dungeon Crawl Stone Soup version 0.17.0-28-g6e173f8 (webtiles) character file.

77 Ithica the Grave Robber (level 4, -4/30 HPs)
             Began as a Demonspawn Necromancer on Nov 24, 2015.
             Slain by a killer bee zombie (7 damage)
             ... on level 3 of the Dungeon on Nov 27, 2015.
             The game lasted 00:17:34 (3803 turns).

Ithica the Grave Robber (Demonspawn Necromancer)    Turns: 3803, Time: 00:17:34

Health: -4/30      AC:  5    Str:  7 (8)  XL:     4   Next: 13%
Magic:  8/8        EV: 13    Int: 17 (18) God:
Gold:   75         SH:  3    Dex: 12 (13) Spells: 3 memorised, 3 levels left

rFire  . . .     SeeInvis .     q - +0 club
rCold  . . .     Clarity  .     k - +0 robe
rNeg   . . .     SustAt   .     m - +0 buckler
rPois  .         Gourm    .     h - +0 helmet
rElec  .         Spirit   .     (no cloak)
rCorr  .         Warding  .     p - +1 pair of gloves
rMut   .         Rnd*Tele +     (no boots)
MR     .....                    (no amulet)
Stlth  ++........               (no ring)
                                i - ring of loudness (curse)

@: not resistant to hostile enchantments, unstealthy
A: hooves 1, repulsion field 1, deterioration 1, nightstalker 1, spit poison 1,
teleportitis 1
a: Spit Poison


You were on level 3 of the Dungeon.
You were not hungry.

You visited 1 branch of the dungeon, and saw 4 of its levels.

You collected 75 gold pieces.

Inventory:

Hand Weapons
 f - a cursed +0 hunting sling
 j - a +0 club
 l - a +0 dagger
 n - a +0 dagger of holy wrath
 q - a +0 club (weapon)
 r - a +0 dagger
 u - a +0 dagger
Missiles
 s - 64 stones (quivered)
Armour
 a - a +0 robe
 c - a +0 ring mail
 h - a +0 helmet (worn)
 k - a +0 robe (worn)
 m - a +0 buckler (worn)
 p - a +1 pair of gloves (worn)
Jewellery
 i - a cursed ring of loudness (left hand)
Scrolls
 g - a scroll of fog {unknown}
Potions
 e - a potion of brilliance
Books
 b - a book of Necromancy

   Spells                             Type                      Level
   a - Pain                           Necromancy                   1
   b - Animate Skeleton               Necromancy                   1
   c - Vampiric Draining              Necromancy                   3
   d - Regeneration                   Charms/Necromancy            3
   e - Animate Dead                   Necromancy                   4
   f - Control Undead                 Necromancy                   4
Comestibles
 d - 5 fruits


   Skills:
 + Level 0.2 Fighting
 + Level 0.1 Maces & Flails
 + Level 2.0 Dodging
 + Level 2.1 Stealth
 + Level 2.9 Spellcasting
 + Level 5.2 Necromancy


You had 3 spell levels left.
You knew the following spells:

 Your Spells              Type           Power        Failure   Level  Hunger
a - Pain                  Necr           ###.         4%          1    None
b - Animate Skeleton      Necr           N/A          4%          1    None
c - Vampiric Draining     Necr           ###.......   14%         3    ###....


Dungeon Overview and Level Annotations

Branches:
Dungeon (4/15)
 Temple: D:4-7

Altars:
Nemelex Xobeh
Trog

Annotations:
D:4 PossumBlood's ghost, amateur DECj


Innate Abilities, Weirdness & Mutations

You have large cloven feet.
You are surrounded by a mild repulsion field (EV +2).
You are slightly more attuned to the shadows.
Your body sometimes deteriorates upon taking damage.
You can spit weak poison.
You are occasionally teleported to nearby monsters.


Message History

The magic dart hits you!
There is a stone staircase leading up here.
You climb upwards.
The killer bee zombie misses you.
The killer bee zombie closely misses you.
The killer bee zombie hits you.
There is a stone staircase leading down here.
The killer bee zombie misses you.
The killer bee zombie closely misses you.
The killer bee zombie misses you.
The killer bee zombie hits you but does no damage.
The killer bee zombie hits you. The killer bee zombie hits you.
* * * LOW HITPOINT WARNING * * *
You block the killer bee zombie's attack.
The killer bee zombie hits you.
* * * LOW HITPOINT WARNING * * *
Your body deteriorates!
You feel dopey.
You block the killer bee zombie's attack.
The killer bee zombie hits you!
You die...

# #.. ..#.# # #.#
.#.### # #.# .... ##.
#.# #.######.######
#.##.######
#.#.......<....
##..#.#....#
#.#.###########
#.....#....# #.#.#
.....#....# #.#.#
####..#....###.#@#
.....>.........Z.#
##############.........
#####..... ..... ....
.... ...


You could see a killer bee zombie.

Vanquished Creatures
  2 adders (D:2)
  A ball python (D:3)
  A bat (D:2)
  14 goblins
  8 hobgoblins
  4 jackals
  6 giant cockroaches
  A giant newt (D:1)
  5 kobolds
  6 rats
48 creatures vanquished.

Vanquished Creatures (collateral kills)
  A worm (D:2)
  A kobold (D:1)
  2 bats
  A giant newt (D:1)
  A rat (D:1)
6 creatures vanquished.

Grand Total: 54 creatures vanquished

Notes
Turn   | Place    | Note
--------------------------------------------------------------
     0 | D:1      | Ithica the Demonspawn Necromancer began the quest for the Orb.
     0 | D:1      | Reached XP level 1. HP: 13/13 MP: 3/3
    28 | D:1      | Learned a level 1 spell: Animate Skeleton
   397 | D:1      | Found a sparkling altar of Nemelex Xobeh.
   848 | D:1      | Gained mutation: You have large cloven feet. [demonic ancestry]
   848 | D:1      | Reached XP level 2. HP: 14/19 MP: 0/5
  1480 | D:1      | Gained mutation: You are surrounded by a mild repulsion field (EV +2). [demonic ancestry]
  1480 | D:1      | Reached XP level 3. HP: 21/24 MP: 2/6
  1541 | D:1      | Reached skill level 5 in Necromancy
  2770 | D:2      | Found a bloodstained altar of Trog.
  2972 | D:2      | Gained mutation: You are slightly more attuned to the shadows. [demonic ancestry]
  2972 | D:2      | Reached XP level 4. HP: 27/30 MP: 4/8
  3153 | D:3      | Learned a level 3 spell: Vampiric Draining
  3238 | D:3      | Gained mutation: Your body sometimes deteriorates upon taking damage. [potion of mutation]
  3238 | D:3      | Gained mutation: You are occasionally teleported to nearby monsters. [potion of mutation]
  3238 | D:3      | Gained mutation: You can spit weak poison. [potion of mutation]
  3759 | D:4      | Noticed PossumBlood's ghost (amateur DECj)
  3803 | D:3      | Slain by a killer bee zombie

Action                   |  1- 3 |  4- 6 || total
-------------------------+-------+-------++-------
Melee: Unarmed           |     6 |       ||     6
       Club              |    13 |    10 ||    23
 Cast: Pain              |    73 |    12 ||    85
       Animate Skeleton  |    15 |     2 ||    17
  Use: Scroll            |       |     5 ||     5
       Potion            |       |     2 ||     2
 Stab: Distracted        |     1 |       ||     1
  Eat: Chunk             |     3 |     1 ||     4
       Bread ration      |     1 |       ||     1
       Meat ration       |       |     1 ||     1
